 Dungeon Crawl Stone Soup version 0.30.1-11-g7821555f0a (webtiles) character file.

Game seed: 17449640891592879530

31822 pkoi the Gelid (level 13, -2/94 HPs)
             Began as a Black Draconian Ice Elementalist on Nov 20, 2023.
             Was a High Priest of Vehumet.
             Slain by an elephant (9 damage)
             ... on level 3 of the Lair of Beasts on Nov 21, 2023.
             The game lasted 00:37:32 (18342 turns).

pkoi the Gelid (Black Draconian Ice Elementalist)  Turns: 18342, Time: 00:37:33

Health: -2/94      AC: 19    Str: 11    XL:     13   Next: 28%
Magic:  0/26       EV: 12    Int: 26    God:    Vehumet [*****.]
Gold:   857        SH:  5    Dex: 12    Spells: 4/30 levels left

rFire   . . .        n - +3 short sword (elec)
rCold   . . .        q - +2 buckler {AC+3}
rNeg    . . .        (body armour unavailable)
rPois   +            R - +2 hat
rElec   +            t - +0 cloak
rCorr   .            j - +0 pair of gloves
SInv    .            T - +3 pair of seven-league boots {Rampage+∞}
Will    .....        (no amulet)
Stlth   ++           o - ring of poison resistance
HPRegen 0.35/turn    E - +6 ring of intelligence
MPRegen 0.20/turn

%: rampage+∞
@: freezing walls
A: breathe lightning, AC +8, unfitting armour, electricity resistance,
cold-blooded
a: Breathe Lightning, Renounce Religion


You were on level 3 of the Lair of Beasts.
You worshipped Vehumet.
Vehumet was extremely pleased with you.
You visited 3 branches of the dungeon, and saw 15 of its levels.
You also visited: Sewer and Ossuary.

You collected 857 gold pieces.

Inventory:

Hand Weapons
 c - a +0 club
 d - a +0 dagger
 h - a +0 sling
 n - a +3 short sword of electrocution (weapon)
 w - a +2 dagger of electrocution
Missiles
 x - a throwing net
 L - a curare-tipped dart
Armour
 j - a +0 pair of gloves (worn)
 q - a +2 buckler of protection (worn)
 t - a +0 cloak (worn)
 R - a +2 hat (worn)
 T - the +3 pair of seven-league boots (worn) {Rampage+∞}
   (You found it on level 1 of the Lair of Beasts)

   Rampage+∞: When moving toward enemies, its wearer moves as far as possible,
   alerting their target en route.
Jewellery
 l - a +5 ring of evasion
 o - a ring of poison resistance (left hand)
 y - a ring of protection from cold
 E - a +6 ring of intelligence (right hand)
 H - a +4 ring of protection
 K - a ring of fire
 M - a ring of resist corrosion
 P - a ring of flight
Wands
 f - a wand of paralysis (16)
 m - a wand of polymorph (13)
 s - a wand of flame (43)
 Q - a wand of quicksilver (2)
Scrolls
 i - 8 scrolls of identify
 u - a scroll of enchant armour
 v - a scroll of fog
 z - 2 scrolls of magic mapping
 D - 2 scrolls of teleportation
 G - 3 scrolls of poison
 I - 3 scrolls of enchant weapon
 J - 4 scrolls of blinking
 N - a scroll of silence
 O - a scroll of fear
 S - a scroll of amnesia
Potions
 a - 4 potions of magic
 b - 2 potions of cancellation
 e - 6 potions of haste
 g - 2 potions of brilliance
 k - 5 potions of lignification
 p - 2 potions of flight
 r - 6 potions of curing
 A - 2 potions of heal wounds
 B - 4 potions of invisibility
 C - 3 potions of might
 F - 2 potions of ambrosia


   Skills:
 - Level 3.0 Fighting
 - Level 3.0 Dodging
 - Level 1.7 Stealth
 + Level 9.2 Spellcasting
 - Level 7.9 Conjurations
 + Level 5.1 Hexes
 - Level 3.3 Summonings
 - Level 6.1 Translocations
 - Level 15.0 Ice Magic
 + Level 6.5 Air Magic
 + Level 5.4 Poison Magic


You had 4 spell levels left.
You knew the following spells:

 Your Spells              Type           Power      Damage    Failure   Level
a - Freeze                Ice            100%       1d10      0%          1
b - Frozen Ramparts       Ice            100%       1d16      1%          3
c - Ozocubu's Armour      Ice            74%        N/A       1%          3
d - Summon Ice Beast      Ice/Summ       56%        N/A       1%          4
e - Hailstorm             Conj/Ice       64%        3d14      1%          3
f - Iskenderun's Mystic   Conj/Tloc      48%        2d11      1%          4
g - Blink                 Tloc           88%        N/A       1%          2
h - Fulminant Prism       Conj/Hex       22%        3d12      1%          4
i - Poisonous Vapours     Pois/Air       86%        N/A       1%          2

Your spell library contained the following spells:

 Spells                   Type           Power      Damage    Failure   Level
 Yara's Violent Unravell  Hex/Tmut       12%        3d7       17%         5
 Sting                    Tmut/Pois      100%       1d8       2%          1
 Inner Flame              Hex/Fire       25%        N/A       2%          3
 Olgreb's Toxic Radiance  Pois           40%        N/A       2%          4
 Flame Wave               Conj/Fire      32%        2d9       4%          4
 Sticky Flame             Conj/Fire      32%        2d5       4%          4
 Manifold Assault         Tloc           44%        N/A       6%          4
 Spider Form              Tmut/Pois      26%        N/A       7%          3
 Beastly Appendage        Tmut           24%        N/A       8%          1
 Necrotise                Necr           48%        1d6       8%          1
 Wereblood                Tmut           12%        N/A       11%         2
 Vampiric Draining        Necr           12%        2d6       22%         3
 Agony                    Necr           12%        N/A       90%         5
 Storm Form               Tmut/Air       14%        N/A       100%        7


Dungeon Overview and Level Annotations

Branches:
Dungeon (11/15)            Temple (1/1) D:4            Lair (3/5) D:9
 Shoals (0/4) Lair:2        Snake (0/4) Lair:2          Orc (0/2) D:10
  Sewer (visited)         Ossuary (visited)

Altars:
Ashenzari
Cheibriados
Elyvilon
Fedhas
Hepliaklqana
Kikubaaqudgha
Makhleb
Nemelex Xobeh
Okawaru
Qazlal
Ru
Trog
Vehumet
Wu Jian
Xom
Yredelemnul
Zin
The Shining One

Shops:
D:9 :

Annotations:
Lair:1 2 transporters, exclusion: ice statue, chicagocrazy's ghost, novice VSEn


Innate Abilities, Weirdness & Mutations

You can breathe wild blasts of lightning.
Your glossy black scales are hard. (AC +8)
You cannot fit into any form of body armour.
You are resistant to electric shocks. (rElec)
You are cold-blooded and may be slowed by cold attacks.


Message History

* * * LOW HITPOINT WARNING * * *
Unknown command.
Casting: Frozen Ramparts (safe; 1% risk of failure)
Confirm with . or Enter, or press ? or * to list all spells.
Aiming: Freeze (safe; 0% risk of failure)
Press: ? - help, Shift-Dir - straight line, f - komodo dragon
Aim: a komodo dragon (moderately wounded)
You freeze the komodo dragon.
The komodo dragon is moderately wounded.
The wall freezes the elephant but does no damage.
The wall freezes the komodo dragon.
The komodo dragon bites you but does no damage.
Casting: Freeze (safe; 0% risk of failure)
Confirm with . or Enter, or press ? or * to list all spells.
Aiming: Freeze (safe; 0% risk of failure)
Press: ? - help, Shift-Dir - straight line, f/p - komodo dragon
Aim: a komodo dragon (moderately wounded)
Okay, then.
Unknown command.
Casting: Freeze (safe; 0% risk of failure)
Confirm with . or Enter, or press ? or * to list all spells.
Aiming: Fulminant Prism (mildly dangerous; 1% risk of failure)
Press: ? - help, Dir - move target, p - komodo dragon You conjure a prism of explosive energy!
A fulminant prism comes into view.
The wall freezes the komodo dragon.
The komodo dragon bites you!
* * * LOW HITPOINT WARNING * * *
Unknown command.
Unknown command.
Casting: Fulminant Prism (mildly dangerous; 1% risk of failure)
Confirm with . or Enter, or press ? or * to list all spells.
You erupt in a blast of force!
The mystic blast hits the komodo dragon.
The komodo dragon is heavily wounded.
The komodo dragon is knocked back by the mystic blast.
The komodo dragon slams into the granite statue!
The mystic blast hits the elephant!
The elephant is lightly wounded.
The wall freezes the elephant!
The elephant tramples you!
You die...

.#.#....##..
#.........#
#.........#.
..........#
#.....#
##.8.# #..
#.l..## ...
####
##†....#
##.##..H#
#@Y.*..#
~#.#~~=.#
##.....#
.≈.≈.?~.#
##....#
......~#
..8.##
.~~~.≈#
##....#
.~<~..#
.......
.~~~.≈#
........
......~#
.......##.
.≈.≈..~.#
##....##


You could see an elephant (ally target), a komodo dragon and a friendly
fulminant prism.

Vanquished Creatures
  Snorg (Lair:3)
  A hydra (Lair:1)
  2 boulder beetles
  A centaur warrior (D:10)
  3 two-headed ogres
  Urug (D:10)
  Pikel (D:5)
  A manticore (D:9)
  A merfolk siren (Lair:2)
  3 elephants (Lair:3)
  A torpor snail (Lair:2)
  6 black mambas
  A guardian serpent (Lair:1)
  4 cane toads
  A rime drake (Lair:2)
  An unseen horror (D:10)
  3 komodo dragons
  An efreet (D:10)
  A troll (D:11)
  2 polar bears (Lair:2)
  8 blink frogs
  Sigmund (D:4)
  4 wyverns
  Eustachio (D:5)
  5 basilisks
  52 yaks
  A steam dragon (D:6)
  Duvessa (D:5)
  An acid dragon (D:10)
  15 water moccasins
  3 black bears
  An ice beast (D:7)
  4 orc warriors
  10 wolves
  3 ogres
  4 centaurs
  4 lemures (D:5)
  A phantom (D:6)
  3 kobold brigands
  9 bullfrogs
  2 gnoll sergeants
  Blork the orc (D:5)
  7 scorpions
  5 wights (D:9)
  Dowan (D:5)
  9 killer bees
  3 howler monkeys
  6 electric eels (D:10)
  A jelly (D:4)
  5 hounds
  Crazy Yiuf (D:5)
  3 gnoll boudas
  13 orc priests
  3 human zombies (Ossuary)
  Ijyb (D:5)
  Terence (D:2)
  11 orc wizards
  3 sleepcaps
  2 iguanas (D:5)
  4 mummies (Ossuary)
  8 adders
  21 gnolls
  A river rat (Sewer)
  2 shadow imps (D:7)
  A white imp (D:5)
  7 worms
  38 orcs
  6 endoplasms
  4 giant cockroaches
  A gnoll zombie (Ossuary)
  4 goblins
  8 hobgoblins
  19 kobolds
  3 quokkas
  8 ball pythons
  7 bats
  A hobgoblin zombie (Ossuary)
  3 orc zombies (Ossuary)
  4 rats
395 creatures vanquished.

Vanquished Creatures (others)
  An orc wizard (D:7)
  17 fulminant prisms
18 creatures vanquished.

Grand Total: 413 creatures vanquished

Notes
Turn   | Place    | Note
-------+----------+-------------------------------------------
     0 | D:1      | pkoi the Draconian Ice Elementalist began the quest for the
                  | Orb.
     0 | D:1      | Reached XP level 1. HP: 14/14 MP: 3/3
   388 | D:1      | Reached XP level 2. HP: 20/20 MP: 1/5
  1434 | D:2      | Reached skill level 5 in Ice Magic
  1553 | D:2      | Reached XP level 3. HP: 24/26 MP: 0/6
  1612 | D:2      | Learned a level 3 spell: Frozen Ramparts
  1799 | D:2      | Noticed Terence
  1836 | D:2      | Killed Terence
  2439 | D:3      | Noticed a bullfrog
  2446 | D:3      | Killed a bullfrog
  2447 | D:3      | Reached skill level 6 in Ice Magic
  2447 | D:3      | Reached XP level 4. HP: 26/33 MP: 3/7
  2512 | D:3      | Reached XP level 5. HP: 38/38 MP: 6/8
  2552 | D:3      | Found a basalt altar of Yredelemnul.
  2557 | D:3      | Found a glowing golden altar of the Shining One.
  2627 | D:3      | Found a glowing drain.
  2653 | Sewer    | Entered a sewer
  3109 | Sewer    | Reached skill level 7 in Ice Magic
  3109 | Sewer    | Reached XP level 6. HP: 44/45 MP: 0/9
  3620 | D:3      | Noticed an angel
  3801 | D:4      | Reached skill level 8 in Ice Magic
  3804 | D:4      | Found a staircase to the Ecumenical Temple.
  3821 | Temple   | Entered the Ecumenical Temple
  3831 | Temple   | Became a worshipper of Vehumet
  3858 | D:4      | Noticed Sigmund
  3863 | D:4      | Your scales start taking on a glossy black colour.
  3863 | D:4      | Reached XP level 7. HP: 35/50 MP: 6/10
  3863 | D:4      | Gained mutation: You are resistant to electric shocks.
                  | (rElec) [Black Draconian growth]
  3872 | D:4      | Killed Sigmund
  3873 | D:4      | Reached skill level 9 in Ice Magic
  4008 | D:4      | Found a sacrificial altar of Ru.
  4012 | D:4      | Found a hazy altar of Hepliaklqana.
  4015 | D:4      | Found a blossoming altar of Fedhas.
  4072 | D:4      | Found a sand-covered staircase.
  4081 | Ossuary  | Entered an ossuary
  4349 | Ossuary  | Reached skill level 10 in Ice Magic
  4558 | D:4      | Reached XP level 8. HP: 57/57 MP: 11/11
  4570 | D:4      | Reached * piety under Vehumet
  4570 | D:4      | Offered knowledge of Foxfire by Vehumet.
  5138 | D:4      | Found a white marble altar of Elyvilon.
  5242 | D:4      | Learned a level 3 spell: Ozocubu's Armour
  5254 | D:5      | Entered Level 5 of the Dungeon
  5254 | D:5      | Noticed Eustachio
  5254 | D:5      | Noticed Duvessa
  5254 | D:5      | Noticed Dowan
  5429 | D:5      | Noticed Blork the orc
  5451 | D:5      | Killed Blork the orc
  5651 | D:5      | Reached skill level 11 in Ice Magic
  5885 | D:5      | Killed Eustachio
  5938 | D:5      | Killed Dowan
  5938 | D:5      | Killed Duvessa
  5940 | D:5      | Noticed Pikel
  5949 | D:5      | Killed Pikel
  5950 | D:5      | Reached skill level 12 in Ice Magic
  5950 | D:5      | Reached XP level 9. HP: 57/62 MP: 9/12
  6220 | D:5      | Noticed Ijyb
  6231 | D:5      | Killed Ijyb
  6435 | D:5      | Reached skill level 13 in Ice Magic
  6893 | D:5      | Found a runed translucent door.
  6894 | D:5      | Noticed Crazy Yiuf
  6900 | D:5      | Killed Crazy Yiuf
  7180 | D:6      | Learned a level 4 spell: Summon Ice Beast
  7190 | D:6      | Reached skill level 1 in Fighting
  7430 | D:7      | Reached ** piety under Vehumet
  7430 | D:7      | Offered knowledge of Static Discharge by Vehumet.
  7580 | D:7      | Found a broken altar of Ashenzari.
  7598 | D:7      | Reached skill level 14 in Ice Magic
  8194 | D:7      | Reached XP level 10. HP: 74/74 MP: 11/14
  8579 | D:8      | Offered knowledge of Hailstorm by Vehumet.
  8584 | D:8      | Learned a level 3 spell: Hailstorm
  8649 | D:8      | Reached skill level 1 in Summonings
  8857 | D:8      | Reached skill level 1 in Conjurations
  9493 | D:9      | Noticed a manticore
  9606 | D:9      | Reached *** piety under Vehumet
 10169 | D:8      | Reached skill level 5 in Spellcasting
 10390 | D:8      | Offered knowledge of Iskenderun's Mystic Blast by Vehumet.
 10392 | D:8      | Reached XP level 11. HP: 28/82 MP: 18/18
 10685 | D:8      | Learned a level 4 spell: Iskenderun's Mystic Blast
 10698 | D:8      | Reached skill level 1 in Translocations
 11204 | D:9      | Reached skill level 5 in Conjurations
 11647 | D:9      | Reached skill level 15 in Ice Magic
 11774 | D:9      | Found a staircase to the Lair.
 11895 | D:9      | Found Peibuink's Book Boutique.
 11899 | D:9      | Learned a level 2 spell: Blink
 11985 | D:10     | Entered Level 10 of the Dungeon
 11985 | D:10     | Noticed a two-headed ogre
 11990 | D:10     | Killed a two-headed ogre
 12409 | D:10     | Reached **** piety under Vehumet
 12517 | D:10     | Offered knowledge of Fulminant Prism by Vehumet.
 12546 | D:10     | Noticed a centaur warrior
 12552 | D:10     | Killed a centaur warrior
 12698 | D:10     | Found a snail-covered altar of Cheibriados.
 12700 | D:10     | Found an ornate altar of the Wu Jian Council.
 12704 | D:10     | Found a stormy altar of Qazlal.
 13301 | D:10     | Noticed Urug
 13344 | D:10     | Killed Urug
 13438 | D:10     | Found a staircase to the Orcish Mines.
 13920 | D:11     | Noticed a two-headed ogre
 13929 | D:11     | Killed a two-headed ogre
 13930 | D:11     | Reached skill level 5 in Translocations
 14094 | D:11     | Noticed a two-headed ogre
 14106 | D:11     | Killed a two-headed ogre
 14107 | D:11     | Reached XP level 12. HP: 38/89 MP: 21/23
 14276 | D:11     | Learned a level 4 spell: Fulminant Prism
 14323 | D:11     | Noticed a boulder beetle
 14338 | D:11     | Killed a boulder beetle
 14360 | D:11     | Reached skill level 1 in Hexes
 14552 | D:11     | Learned a level 2 spell: Poisonous Vapours
 14949 | Lair:1   | Entered Level 1 of the Lair of Beasts
 14949 | Lair:1   | Found a transporter.
 15253 | Lair:1   | Reached skill level 1 in Air Magic
 15306 | Lair:1   | Reached skill level 1 in Poison Magic
 15328 | Lair:1   | Identified the +3 short sword "Baheett" {antimagic, Fragile
                  | rN+ Str+9 Stlth+}
 15438 | Lair:1   | Noticed chicagocrazy's ghost (novice VSEn)
 15567 | Lair:1   | Found a transporter.
 15649 | Lair:1   | Reached ***** piety under Vehumet
 15656 | Lair:1   | Offered knowledge of Yara's Violent Unravelling by Vehumet.
 16118 | Lair:1   | Noticed a boulder beetle
 16128 | Lair:1   | Killed a boulder beetle
 16388 | Lair:1   | Noticed a six-headed hydra
 16417 | Lair:1   | Killed a six-headed hydra
 16509 | Lair:1   | Found the +3 pair of seven-league boots {Rampage+∞}
 16889 | Lair:2   | Reached skill level 5 in Air Magic
 17015 | Lair:2   | Found a staircase to the Snake Pit.
 17218 | Lair:2   | Reached XP level 13. HP: 80/94 MP: 17/25
 17653 | Lair:2   | Reached skill level 5 in Poison Magic
 17951 | Lair:2   | Found a staircase to the Shoals.
 18323 | Lair:3   | Noticed Snorg
 18335 | Lair:3   | Killed Snorg
 18336 | Lair:3   | Reached skill level 5 in Hexes
 18342 | Lair:3   | Slain by an elephant

Illustrated notes

Levels and vault maps discovered:
D:1:      dpeg_arrival_pond, layout_loops_ring, serial_forest,
          infiniplex_forest_zigzag_2, infiniplex_forest_clump_long,
          infiniplex_forest_clump_small, infiniplex_forest_lined_corner,
          infiniplex_forest_end_3, infiniplex_forest_lined_room_2,
          infiniplex_forest_clump_medium, infiniplex_forest_lined_4_way,
          ebering_ecumenical_altar_sacrificial, nrook_uturn
D:2:      wad_lake_hut, layout_basic, uniq_terence
D:3:      layout_rooms, grunt_temple_overflow_holy_war,
          cheibrodos_sewer_entry_bend, minmay_distorted
D:4:      layout_loops_ring, grunt_temple_overflow_diamond,
          mainiacjoe_overflow_chevrons, minmay_temple_entry_wispy,
          enter_ossuary_3, st_stairs_2, chequers_serial_rivers_micro_c,
          hangedman_abyss_or_decor_jellyfish_corner, guppyfry_early_lair_pool,
          uniq_sigmund
D:5:      layout_layer_cave, nicolae_kite_square_tiling_tiny, uniq_eustachio,
          uniq_ijyb, uniq_duvessa, uniq_pikel, uniq_blork_the_orc,
          uniq_crazy_yiuf_cottage
D:6:      layout_rooms
D:7:      layout_gridville, lemuel_tele_altar
D:8:      layout_basic, serial_glass, glass_columns_b, glass_columns_a
D:9:      layout_cross, minmay_lair_entry_grove, serial_shops,
          nicolae_book_shop_shelving
D:10:     cheibrodos_two_vegetables, layout_irregular_city, minitemple,
          minivault_23, uniq_urug
D:11:     layout_irregular_city
Temple:   hellmonk_temple_two_chambers
Lair:1:   layout_long_grid, nzn_ghost_randoct,
          hellmonk_guarded_unrand_seven_league_boots, serial_bayou_shore_b,
          lemuel_fruit_fields
Lair:2:   layout_regular_city, minmay_shoals_entry_lonely_mermaid,
          minmay_snake_entry_six_corridors
Lair:3:   nzn_motion_control, layout_gridlike, portal_ice_cave_entry_pillars_1,
          kennysheep_basilisk_garden, infiniplex_staircase_pool,
          grunt_megastairs_5, uniq_snorg

Skill      XL: |  1  2  3  4  5  6  7  8  9 10 11 12 13 |
---------------+----------------------------------------+-----
Ice Magic      | 5 6 7 8 10 12 14 15 | 15.0
Dodging        | 3 |  3.0
Fighting       | 2 3 |  3.0
Spellcasting   | 3 5 7 8 9 |  9.2
Summonings     | 3 |  3.3
Conjurations   | 4 7 |  7.9
Translocations | 5 6 |  6.1
Hexes          | 4 5 |  5.1
Air Magic      | 5 6 |  6.5
Poison Magic   | 4 5 |  5.4
Stealth        | |  1.7

Action                     |  1- 3 |  4- 6 |  7- 9 | 10-12 | 13-15 || total
---------------------------+-------+-------+-------+-------+-------++-------
  Melee: Dagger            |     2 |       |       |       |       ||     2
         Punch             |     1 |       |       |       |       ||     1
         Unarmed           |     5 |       |       |       |       ||     5
         Short sword       |       |   150 |   228 |   238 |    52 ||   668
         Tailslap          |       |    11 |    42 |    32 |    12 ||    97
   Fire: Sling             |    69 |     8 |       |       |       ||    77
   Cast: Freeze            |    26 |     9 |    27 |    36 |     6 ||   104
         Frozen Ramparts   |       |     4 |    28 |    65 |    11 ||   108
         Summon Ice Beast  |       |       |     1 |     2 |       ||     3
         Hailstorm         |       |       |       |    72 |     8 ||    80
         Iskenderun's Myst |       |       |       |     6 |     2 ||     8
         Ozocubu's Armour  |       |       |       |     1 |       ||     1
         Poisonous Vapours |       |       |       |    25 |     6 ||    31
         Fulminant Prism   |       |       |       |     9 |     9 ||    18
Ability: Breathe Lightning |       |       |     2 |     2 |       ||     4
    Use: Scroll            |       |     9 |     5 |     4 |       ||    18
         Potion            |       |       |     4 |       |       ||     4
   Stab: Confused          |     1 |       |       |       |       ||     1
         Sleeping          |       |     2 |     3 |       |     1 ||     6
         Distracted        |       |       |     1 |       |       ||     1
 Armour: Skin              |    13 |    58 |    65 |   179 |    38 ||   353
  Dodge: Dodged            |    29 |    58 |   110 |   236 |    46 ||   479
  Block: Buckler           |     1 |    30 |    49 |    84 |    22 ||   186
